 Dungeon Crawl Stone Soup version 0.29.1-13-g9f3cf754e1 (webtiles) character file.

Game seed: 15662885903890340457

308 XinyiCatfish the Trooper (level 6, 0/84 HPs)
             Began as a Palentonga Abyssal Knight on Jan 21, 2023.
             Was a Priest of Lugonu.
             Slain by THTSBRD's ghost (1 damage)
             ... on level 4 of the Dungeon.
             The game lasted 00:08:37 (2398 turns).

XinyiCatfish the Trooper (PaAK)                     Turns: 2398, Time: 00:08:39

Health: 0/84       AC: 23    Str: 21    XL:     6   Next: 17%
Magic:  7/7        EV:  1    Int: 16    God:    Lugonu [***...]
Gold:   233        SH:  0    Dex: 10    Spells: 5/5 levels left

rFire   . . .      SeeInvis +   d - +1 whip (elec)
rCold   . . .      Faith    .   (no shield)
rNeg    . . .      Spirit   .   (body armour currently unavailable)
rPois   +          Reflect  .   (helmet currently unavailable)
rElec   .          Harm     .   (cloak currently unavailable)
rCorr   .          Rampage  .   (gloves currently unavailable)
Will    .....      NoTele   +   (no barding)
Stlth   +.........              (no amulet)
HPRegen 0.24/turn               k - +6 ring of intelligence
MPRegen 0.10/turn               (no ring)

@: tree-form
A: stationary, stasis, torment immunity, boosted hp, large, rugged brown scales
3, see invisible, (deformed body), (roll 1), (armoured tail)
a: Renounce Religion, Depart the Abyss, Bend Space, Banish


You were on level 4 of the Dungeon.
You worshipped Lugonu.
Lugonu was most pleased with you.
You were a tree.
You visited 1 branch of the dungeon, and saw 4 of its levels.
You visited the Abyss 1 time.

You collected 233 gold pieces.

Inventory:

Hand Weapons
 a - a +1 hand axe
 d - a +1 whip of electrocution (weapon)
Armour
 b - a +1 leather armour (melded)
Magical Staves
 e - a staff of fire
Jewellery
 k - a +6 ring of intelligence (left branch)
Scrolls
 f - 2 scrolls of teleportation
 h - a scroll of amnesia
 j - a scroll of fear {unknown}
 m - a scroll of enchant armour
 n - 2 scrolls of poison
 o - a scroll of identify {unknown}
 q - a scroll of torment {unknown}


   Skills:
 + Level 6.8 Fighting
 - Level 2.0(2.2) Axes
 + Level 1.3(1.9) Maces & Flails
 - Level 1.5 Armour
 - Level 0.7 Dodging
 - Level 2.0 Invocations


You had 5 spell levels left.
You didn't know any spells.
Your spell library was empty.

Dungeon Overview and Level Annotations

Branches:
Dungeon (4/15)
 Temple: D:4-7

Altars:
Kikubaaqudgha
Ru
Vehumet

Shops:
D:2 (

Annotations:
D:2 1 runed translucent door, Crazy Yiuf
D:3 1 runed translucent door, Gadrel's ghost, amateur GrAM; Sigmund
D:4 THTSBRD's ghost, amateur DjGl


Innate Abilities, Weirdness & Mutations

You are a tree.
Your roots penetrate the ground, keeping you stationary.
You cannot be teleported.
You are immune to unholy pain and torment.
Your maximum health is greatly increased.
Your equipment is partially melded.
(You are completely covered in rugged brown scales. (AC +3, +7% HP))
You have supernaturally acute eyesight. (SInv)
((Armour fits poorly on your strangely shaped body.))
((You can roll at nearby foes to attack.))
((You have a long armoured tail.))


Message History

THTSBRD's ghost hits you!
* * * LOW HITPOINT WARNING * * *
THTSBRD's ghost freezes you.
* * * LOW HITPOINT WARNING * * *
Found 13 gold pieces.
You flicker back into view.
You see here an iguana corpse.
An iguana comes into view.
The iguana hisses angrily.
Found a long sword.
It was a potion of lignification.
You turn into a tree.
Your +0 leather armour melds into your body.
Your roots penetrate the ground.
THTSBRD's ghost hits you.
* * * LOW HITPOINT WARNING * * *
THTSBRD's ghost freezes you.
* * * LOW HITPOINT WARNING * * *
As you read the scroll labelled TER XINIWEY, it crumbles to dust.
The creatures around you are filled with an inner flame!
It was a scroll of immolation.
THTSBRD's ghost hits you but does no damage.
As you read the scroll labelled ONYHAL UNGE, it crumbles to dust.
Wisps of shadow whirl around you...
It was a scroll of summoning.
THTSBRD's ghost hits you but does no damage.
The iguana bites your ball python!
Your ball python dies!
Your ball python's corpse dissolves into shadows!
You cannot move.
As you read the scroll labelled UPODUE YXUFF, it crumbles to dust.
It is a scroll of enchant armour.
Your +0 leather armour glows green for a moment.
THTSBRD's ghost hits you but does no damage.
Your goblin barely misses THTSBRD's ghost.
The air fills with toxic fumes!
As you read the scroll labelled COAWIQ BAUBBAG, it crumbles to dust.
It was a scroll of poison.
The iguana bites you but does no damage.
THTSBRD's ghost hits you.
* * * LOW HITPOINT WARNING * * *
THTSBRD's ghost freezes you.
You die...

........÷..............##........
......................###...<....
.....................####...##...
.........§.#........§§#§..#......
.......##§§#..## #.§§§§§..#......
...... #§§§.#####§§§§§.##......
.....# §##§§#§§§§§§§§§.##......
§§§§§§§§g§§§§§§..#......
§§§§§§§♣W§§§§##..##.....
§§§§§§§§l§§§§###.#......
§§§§§§§§§§§§§# ........
§§§§§§§§§§§§§§§..#.....#
§§§§§§§§§§§§§§§.##....##
##§§§§§§§§#§##§.......#⌠
#§§§§§§§§### ..# ....##
#§§§§§§§§§ .# ....# ...


You could see an iguana (inner flame, ally target), THTSBRD's ghost (inner
flame) and a friendly goblin (summoned).

Vanquished Creatures
  A phantom (D:4)
  A scorpion (D:4)
  3 iguanas (D:4)
  3 gnolls (D:4)
  An adder (D:4)
  3 dart slugs
  8 endoplasms
  7 giant cockroaches
  3 hobgoblins
  3 jackals (D:4)
  4 kobolds
  2 quokkas
  4 ball pythons (D:1)
  2 bats
  2 frilled lizards (D:1)
  7 goblins
  9 rats
63 creatures vanquished.

Notes
Turn   | Place    | Note
-------+----------+-------------------------------------------
     0 | Abyss:1  | XinyiCatfish the Palentonga Abyssal Knight began the quest
                  | for the Orb.
     0 | Abyss:1  | Reached XP level 1. HP: 19/19 MP: 2/2
     1 | D:1      | Escaped the Abyss
   193 | D:1      | Reached XP level 2. HP: 20/25 MP: 3/3
   579 | D:1      | Reached skill level 4 in Fighting
   910 | D:2      | Found a runed translucent door.
   911 | D:2      | Noticed Crazy Yiuf
   981 | D:2      | Reached XP level 3. HP: 31/32 MP: 4/4
   994 | D:2      | Found a faded altar of an unknown god.
   998 | D:2      | Found Pepoi's Weapon Boutique.
  1000 | D:2      | Reached *** piety under Lugonu
  1178 | D:2      | Found a radiant altar of Vehumet.
  1367 | D:3      | Noticed Sigmund
  1388 | D:3      | Found a runed translucent door.
  1392 | D:3      | Noticed Gadrel's ghost (amateur GrAM)
  1602 | D:4      | Reached skill level 5 in Fighting
  1602 | D:4      | Reached XP level 4. HP: 16/41 MP: 5/5
  1786 | D:4      | Found a runed translucent door.
  1846 | D:4      | Noticed a scorpion
  1853 | D:4      | Killed a scorpion
  1854 | D:4      | Reached skill level 6 in Fighting
  1854 | D:4      | Reached XP level 5. HP: 27/49 MP: 6/6
  2196 | D:4      | Noticed a phantom
  2202 | D:4      | Killed a phantom
  2203 | D:4      | Reached skill level 1 in Maces & Flails
  2302 | D:4      | Found a sacrificial altar of Ru.
  2302 | D:4      | Found an ancient bone altar of Kikubaaqudgha.
  2307 | D:4      | Reached XP level 6. HP: 56/56 MP: 7/7
  2343 | D:4      | Noticed THTSBRD's ghost (amateur DjGl)
  2394 | D:4      | HP: 3/84 [THTSBRD's ghost (4)]
  2394 | D:4      | HP: 1/84 [THTSBRD's ghost (2)]
  2398 | D:4      | Slain by THTSBRD's ghost

Illustrated notes

Levels and vault maps discovered:
D:1:      eino_arrival_cavern_b, layout_basic, minmay_tetromino_t2
D:2:      layout_basic, serial_shops, nicolae_shop_bloodbath_and_beyond,
          chequers_ecumenical_altar_simple, basic_altar, uniq_crazy_yiuf_cottage
D:3:      layout_loops_cross, minmay_overflow_temple_hex, ebering_ghost_sewer_f,
          uniq_sigmund
D:4:      layout_cave_pools, gammafunk_temple_overflow_pools,
          hellmonk_ghost_happy_afterlife

Skill      XL: |  1  2  3  4  5 |
---------------+----------------+-----
Fighting       | 4 5 6 |  6.8
Maces & Flails | 1 |  1.3
Axes           | |  2.0
Armour         | |  1.5
Dodging        | |  0.7
Invocations    | |  2.0

Action                   |  1- 3 |  4- 6 || total
-------------------------+-------+-------++-------
Melee: Hand axe          |    91 |     4 ||    95
       Tailslap          |     9 |    10 ||    19
       Punch             |     1 |     1 ||     2
       Whip              |       |    60 ||    60
 Abil: Rolling Charge    |    27 |    11 ||    38
  Use: Scroll            |     2 |     4 ||     6
       Potion            |     2 |     4 ||     6
 Stab: Invisible         |       |     1 ||     1
Armor: Leather armour    |    25 |    12 ||    37
       Skin              |       |     4 ||     4
Dodge: Dodged            |    51 |    18 ||    69
